Map: 瑟拉斯废墟

Players

Quail

  • Race: Protoss Protoss
  • League: Diamond

GFXJ - Winner!

  • Race: Zerg Zerg
  • League: Diamond

VOD

Have the link to the VOD?

Description

Time

  • Played on: Dec. 7, 2015, 8:08 a.m.
  • Length: 9:44
Show
View Real Time Build Order
Export as new Build Order

Quail Protoss 

Build Orders: 1 Gate Expand, Zealot Archon 

Get SALT Encoding   

  12  0:01  Probe (Chrono Boost)  
  13  0:11  Probe (Chrono Boost)  
  14  0:20  Pylon  
  14  0:23  Probe (Chrono Boost)  
  15  0:38  Probe (Chrono Boost)  
  15  0:40  Gateway  
  16  0:48  Probe (Chrono Boost)  
  17  0:50  Assimilator  
  17  0:59  Probe (Chrono Boost)  
  18  1:10  Probe (Chrono Boost)  
  19  1:26  Nexus  
  19  1:29  Probe (Chrono Boost)  
  20  1:41  Cybernetics Core  
  20  1:49  Pylon  
  20  1:52  Probe (Chrono Boost)  
  21  1:59  Assimilator  
  21  2:03  Probe (Chrono Boost)  
  22  2:13  Probe (Chrono Boost)  
  23  2:19  Adept  
  25  2:24  Twilight Council  
  25  2:26  Probe (Chrono Boost)  
  27  2:37  Probe (Chrono Boost)  
  27  2:39  Probe (Chrono Boost)  
  28  2:46  Adept  
  28  2:49  Probe (Chrono Boost)  
  28  2:50  Probe (Chrono Boost)  
  32  2:59  Gateway  
  32  3:04  Probe x2 (Chrono Boost)  
  34  3:15  Probe (Chrono Boost)  
  34  3:18  Probe (Chrono Boost)  
  36  3:23  Pylon  
  36  3:25  Probe (Chrono Boost)  
  37  3:28  Probe (Chrono Boost)  
  37  3:30  Pylon  
  37  3:32  Pylon  
  38  3:36  Probe (Chrono Boost)  
  38  3:39  Sentry  
  41  3:41  Charge (Chrono Boost)  
  41  3:43  Probe (Chrono Boost)  
  41  3:47  Assimilator  
  42  3:51  Assimilator  
  42  3:52  Probe (Chrono Boost)  
  43  3:57  Probe (Chrono Boost)  
  45  4:03  Probe (Chrono Boost)  
  45  4:06  Zealot  
  46  4:13  Probe (Chrono Boost)  
  46  4:16  Probe (Chrono Boost)  
  48  4:23  Probe (Chrono Boost)  
  49  4:27  Probe (Chrono Boost)  
  48  4:34  Probe (Chrono Boost)  
  48  4:37  Probe (Chrono Boost)  
  50  4:39  Templar Archives  
  50  4:41  Zealot  
  50  4:42  Zealot  
  50  4:44  Probe (Chrono Boost)  
  55  4:47  Gateway  
  55  4:48  Gateway  
  55  4:49  Gateway  
  55  4:53  Gateway  
  55  5:10  Probe (Chrono Boost)  
  58  5:14  Zealot x2  
  58  5:16  Probe  
  58  5:20  Probe  
  61  5:24  Pylon  
  62  5:44  Gateway  
  62  5:46  Gateway  
  62  5:47  Warp Gate (Chrono Boost)  
  61  5:50  Psionic Storm, Zealot x2  
  61  5:54  Zealot x4  
  73  6:05  Mothership Core  
  75  6:11  Resonating Glaives  
  75  6:17  High Templar  
  77  6:18  Nexus  
  77  6:21  Pylon  
  77  6:22  Pylon  
  77  6:30  Gateway  
  77  6:32  Gateway  
  77  6:39  High Templar x3  
  85  6:40  High Templar x2  
  87  6:47  Forge  
  87  6:50  Probe, Robotics Facility  
  87  6:52  Probe  
  89  7:11  Zealot  
  89  7:13  Zealot  
  93  7:22  Pylon  
  93  7:23  Pylon x2  
  93  7:25  Photon Cannon  
  93  7:27  Photon Cannon  
  93  7:30  Probe  
  93  7:31  Probe  
  93  7:32  Probe  
  93  7:33  Photon Cannon  
  98  7:41  Probe  
  97  7:51  Zealot x5  
  101  7:52  Zealot  
  101  7:54  Archon  
  101  7:56  High Templar x2  
  101  7:57  Probe  
  101  7:58  Probe  
  113  7:59  Probe  
  113  8:03  Assimilator  
  113  8:04  Warp Prism (Chrono Boost)  
  113  8:05  Assimilator  
  118  8:08  Zealot  
  120  8:15  High Templar  
  120  8:16  High Templar x3  
  120  8:17  Archon  
  120  8:19  Zealot  
  130  8:20  Zealot  
  130  8:21  Archon x2  
  130  8:23  Pylon  
  130  8:24  Pylon  
  132  8:27  Probe, Pylon  
  132  8:30  Pylon  
  133  8:41  Probe x2  
  133  8:42  Observer (Chrono Boost)  
  133  8:45  High Templar x2  
  140  8:58  Adept x5  
  140  8:59  Adept x2  
  140  9:01  Pylon  
  154  9:02  Pylon  
  154  9:04  Pylon  
  138  9:23  Archon  
  107  9:27  High Templar x2  
  107  9:28  High Templar  
  75  9:33  Zealot  
  75  9:34  Zealot x5  
Show
View Real Time Build Order
Export as new Build Order

GFXJ Zerg - Winner!

Build Orders: Hatch First, Lurkers 

Get SALT Encoding   

  12  0:00  Drone  
  13  0:10  Drone  
  14  0:20  Overlord  
  14  0:39  Drone x3  
  17  0:51  Drone  
  18  0:59  Hatchery  
  18  1:02  Drone  
  18  1:10  Extractor  
  17  1:12  Drone  
  18  1:20  Spawning Pool  
  18  1:23  Drone  
  18  1:35  Drone  
  19  1:44  Overlord  
  19  1:55  Drone  
  20  2:10  Queen  
  20  2:13  Metabolic Boost  
  20  2:14  Queen  
  20  2:15  Drone  
  25  2:16  Drone x2  
  25  2:22  Drone  
  28  2:29  Drone  
  29  2:37  Drone  
  30  2:48  Hatchery  
  30  2:49  Drone  
  30  2:50  Drone  
  32  2:51  Drone  
  32  3:02  Drone  
  33  3:19  Hatchery  
  32  3:21  Drone  
  32  3:22  Drone x2  
  32  3:23  Zergling x2  
  32  3:24  Overlord x2  
  36  3:33  Extractor  
  36  3:34  Drone  
  36  3:42  Queen  
  36  3:43  Drone x2  
  36  3:44  Drone  
  41  3:58  Drone  
  41  3:59  Spore Crawler  
  41  4:00  Drone x4  
  41  4:02  Drone x3  
  48  4:05  Zergling x2  
  48  4:07  Zergling x2  
  48  4:08  Zergling x2  
  51  4:11  Zergling x2  
  52  4:17  Lair  
  52  4:20  Drone  
  50  4:32  Drone x5  
  50  4:38  Extractor  
  54  4:40  Extractor  
  54  4:41  Drone x3  
  54  4:42  Drone  
  54  4:43  Drone x2  
  59  4:46  Drone  
  59  4:47  Drone x2  
  59  4:48  Drone x2  
  64  4:56  Spore Crawler, Drone  
  64  5:01  Overlord x2  
  64  5:02  Extractor  
  64  5:06  Drone  
  63  5:17  Spore Crawler  
  63  5:18  Drone  
  63  5:23  Drone x3  
  63  5:26  Overlord  
  63  5:27  Overlord x2  
  63  5:28  Drone x2  
  68  5:32  Evolution Chamber x2  
  67  5:35  Drone  
  67  5:47  Drone x2  
  67  5:48  Hydralisk Den  
  68  5:51  Roach Warren  
  68  5:56  Queen  
  70  5:57  Drone x3  
  70  5:58  Drone x3  
  70  6:00  Spore Crawler  
  74  6:04  Spine Crawler  
  74  6:05  Drone x5  
  74  6:06  Overlord x2  
  78  6:13  Zerg Ground Armor Level 1  
  78  6:14  Zerg Missile Weapons Level 1  
  77  6:28  Overlord x2  
  77  6:36  Hydralisk  
  77  6:37  Hydralisk x7  
  93  6:40  Hydralisk  
  93  6:42  Hydralisk  
  93  6:46  Hydralisk  
  97  6:47  Hydralisk, Extractor  
  97  6:49  Hydralisk  
  102  6:57  Drone  
  103  7:13  Lurker Den  
  103  7:15  Hydralisk x6  
  103  7:16  Hydralisk x4  
  123  7:28  Spine Crawler  
  122  7:30  Hydralisk x4  
  122  7:31  Hydralisk x2  
  122  7:35  Glial Reconstitution  
  134  7:51  Overlord x6  
  134  7:52  Overlord  
  134  8:10  Hatchery  
  134  8:11  Drone  
  134  8:40  Overlord  
  134  8:43  Hatchery, Lurker x5  
  134  8:44  Lurker x5  
  134  8:45  Lurker  
  134  8:46  Lurker  
  149  8:48  Roach x4  
  149  8:49  Roach x3  
  149  8:50  Roach x8  
Tags
 
Add a new tag
Caveats
  • Supply blocks, unpowered buildings, or Contaminate may cause inaccurate times.
  • Supply counts are checked every 10 seconds.